NCAA
PROVIDENCE FRIARS @ PURDUE BOILERMAKERS
04/05/2028
 
TOP OF THE 1ST
Providence Friars batting - Pitching for Purdue Boilermakers : RHP Todd Jackson
Pitching: RHP Todd Jackson
Batting: LHB Brian Easdale 0-0: Foul Ball, location: 2F
0-1: Fly out, F8 (Line Drive, 8LD)
Batting: SHB Esteban Aliaga 0-0: Ball
1-0: Ball
2-0: Swinging Strike
2-1: Called Strike
2-2: Strikes out swinging
Batting: LHB Javier Morales 0-0: Ball
1-0: Foul Ball, location: 2F
1-1: Fly out, F6 (Popup, 6D)
Top of the 1st over - 0 run(s), 0 hit(s), 0 error(s), 0 left on base; Providence 0 - Purdue 0
BOTTOM OF THE 1ST
Purdue Boilermakers batting - Pitching for Providence Friars : LHP Ken Campbell
Pitching: LHP Ken Campbell
Batting: LHB Joe Kent 0-0: Swinging Strike
0-1: Ball
1-1: Swinging Strike
1-2: Ball
2-2: Ball
3-2: Foul Ball, location: 2F
3-2: Strikes out swinging
Batting: RHB Jorge Molina 0-0: Called Strike
0-1: Ball
1-1: Called Strike
1-2: Ball
2-2: Strikes out swinging
Batting: SHB Bryan Atkins 0-0: Ball
1-0: Ball
2-0: Called Strike
2-1: Ball
3-1: Called Strike
3-2: Strikes out looking
Bottom of the 1st over - 0 run(s), 0 hit(s), 0 error(s), 0 left on base; Providence 0 - Purdue 0
TOP OF THE 2ND
Providence Friars batting - Pitching for Purdue Boilermakers : RHP Todd Jackson
Batting: RHB Miguel Sánchez 0-0: Ball
1-0: Ground out 1-3 (Groundball, P)
Batting: RHB Gonzalo García 0-0: Ball
1-0: Ball
2-0: Ground out 6-3 (Groundball, 6S)
Batting: RHB Héctor Cruz 0-0: Ball
1-0: Reached on error, E6 (Groundball, 6)
Batting: RHB Marcus Pittman 0-0: Called Strike
0-1: Swinging Strike
0-2: Ball
1-2: Strikes out swinging
Top of the 2nd over - 0 run(s), 0 hit(s), 1 error(s), 1 left on base; Providence 0 - Purdue 0
BOTTOM OF THE 2ND
Purdue Boilermakers batting - Pitching for Providence Friars : LHP Ken Campbell
Batting: RHB Rafael Castro 0-0: Called Strike
0-1: Ball
1-1: Ball
2-1: Called Strike
2-2: Ball
3-2: Ground out 5-3 (Groundball, 56)
Batting: LHB Harry Hamilton 0-0: Ball
1-0: Ball
2-0: Called Strike
2-1: Fly out, F7 (Line Drive, 7)
Batting: RHB Bill Gilmore 0-0: Ball
1-0: Ball
2-0: Ball
3-0: Base on Balls
Batting: RHB Javier Moreno 0-0: Ground out 4-3 (Groundball, 4MD)
Bottom of the 2nd over - 0 run(s), 0 hit(s), 0 error(s), 1 left on base; Providence 0 - Purdue 0
TOP OF THE 3RD
Providence Friars batting - Pitching for Purdue Boilermakers : RHP Todd Jackson
Batting: RHB Gustavo Todd 0-0: Called Strike
0-1: Swinging Strike
0-2: Foul Ball, location: 2F
0-2: Strikes out swinging
Batting: RHB Roger Tucker 0-0: Called Strike
0-1: Ball
1-1: Ball
2-1: Swinging Strike
2-2: Ball
3-2: Foul Ball, location: 2F
3-2: Base on Balls
Batting: LHB Brian Easdale 0-0: Ball
1-0: Ball
2-0: Ball
3-0: Base on Balls
Roger Tucker to second
Batting: SHB Esteban Aliaga 0-0: Called Strike
0-1: Foul Ball, location: 2F
0-2: Foul Ball, location: 2F
0-2: Reached on error, E3 (Groundball, 34)
Roger Tucker to third
Brian Easdale to second
Batting: LHB Javier Morales 0-0: Called Strike
0-1: Ball
1-1: Grounds into double play, 4-6-3 (Groundball, 4)
Top of the 3rd over - 0 run(s), 0 hit(s), 1 error(s), 2 left on base; Providence 0 - Purdue 0
BOTTOM OF THE 3RD
Purdue Boilermakers batting - Pitching for Providence Friars : LHP Ken Campbell
Batting: RHB Joe Meads 0-0: Ball
1-0: Fly out, F9 (Flyball, 9LM)
Batting: RHB Jeff Richardson 0-0: Foul Ball, location: 2F
0-1: Ball
1-1: Ball
2-1: Called Strike
2-2: Ball
3-2: Base on Balls
Batting: LHB Joe Kent 0-0: Ball
1-0: Fly out, F3 (Line Drive, 3)
Lined into DP, U3 (Line Drive, 3)
Bottom of the 3rd over - 0 run(s), 0 hit(s), 0 error(s), 0 left on base; Providence 0 - Purdue 0
TOP OF THE 4TH
Providence Friars batting - Pitching for Purdue Boilermakers : RHP Todd Jackson
Batting: RHB Miguel Sánchez 0-0: Called Strike
0-1: Fly out, F7 (Flyball, 7S)
Batting: RHB Gonzalo García 0-0: Swinging Strike
0-1: SINGLE (Line Drive, 56D)
Batting: RHB Héctor Cruz 0-0: Called Strike
0-1: Foul Ball, location: 2F
0-2: Ball
1-2: Foul Ball, location: 2F
1-2: Strikes out swinging
Batting: RHB Marcus Pittman 0-0: Ball
1-0: Ball
2-0: Called Strike
2-1: Ball
3-1: Called Strike
3-2: Fly out, F2 (Popup, 13)
Top of the 4th over - 0 run(s), 1 hit(s), 0 error(s), 1 left on base; Providence 0 - Purdue 0
BOTTOM OF THE 4TH
Purdue Boilermakers batting - Pitching for Providence Friars : LHP Ken Campbell
Batting: RHB Jorge Molina 0-0: Called Strike
0-1: Ball
1-1: Foul Ball, location: 2F
1-2: Ball
2-2: Ball
3-2: Fly out, F4 (Popup, 4D)
Batting: SHB Bryan Atkins 0-0: Fly out, F5 (Popup, 5L)
Batting: RHB Rafael Castro 0-0: Ball
1-0: Ball
2-0: SINGLE (Groundball, 6) (infield hit)
Batting: LHB Harry Hamilton 0-0: Called Strike
0-1: Ball
1-1: Foul Ball, location: 2F
1-2: 2-RUN HOME RUN (Flyball, 9D), Distance : 381 ft
Batting: RHB Bill Gilmore 0-0: Called Strike
0-1: Bunted foul
0-2: Foul Ball, location: 2F
0-2: Foul Ball, location: 2F
0-2: Ball
1-2: SINGLE (Line Drive, 4MD)
Batting: RHB Javier Moreno 0-0: Called Strike
0-1: Ball
1-1: Fielders Choice at 2nd, 5-4 (Groundball, 56)
Bottom of the 4th over - 2 run(s), 3 hit(s), 0 error(s), 0 left on base; Providence 0 - Purdue 2
TOP OF THE 5TH
Providence Friars batting - Pitching for Purdue Boilermakers : RHP Todd Jackson
Batting: RHB Gustavo Todd 0-0: Ball
1-0: Ball
2-0: DOUBLE (Line Drive, 7LM)
Batting: RHB Roger Tucker 0-0: Ball
1-0: Ball
2-0: Ground out 4-3 (Groundball, 4MD)
Gustavo Todd to third
Batting: LHB Brian Easdale 0-0: Called Strike
0-1: Ball
1-1: Ground out 4-3 (Groundball, 4)
Gustavo Todd scores
Batting: SHB Esteban Aliaga 0-0: Foul Ball, location: 2F
0-1: Ball
1-1: Ground out 4-3 (Groundball, 4S)
Top of the 5th over - 1 run(s), 1 hit(s), 0 error(s), 0 left on base; Providence 1 - Purdue 2
BOTTOM OF THE 5TH
Purdue Boilermakers batting - Pitching for Providence Friars : LHP Ken Campbell
Batting: RHB Joe Meads 0-0: Called Strike
0-1: Called Strike
0-2: Ball
1-2: Foul Ball, location: 2F
1-2: Ball
2-2: Ball
3-2: SINGLE (Groundball, 4D)
Batting: RHB Jeff Richardson 0-0: Called Strike
Joe Meads steals 2nd base
0-1: SINGLE (Groundball, 4MD)
Joe Meads to third
Runner from 3rd tries for Home, SAFE, no throw
Batting: LHB Joe Kent 0-0: Foul Ball, location: 2F
0-1: Called Strike
0-2: Ball
1-2: Strikes out looking
Batting: RHB Jorge Molina 0-0: Ball
Jeff Richardson is caught stealing 2nd base
1-0: Called Strike
1-1: Hit by Pitch
Pitching: RHP Kevin Richardson
Batting: SHB Bryan Atkins 0-0: Ball
1-0: Called Strike
1-1: Ball
2-1: Called Strike
2-2: Ball
3-2: Foul Ball, location: 2F
3-2: Strikes out looking
Bottom of the 5th over - 1 run(s), 2 hit(s), 0 error(s), 1 left on base; Providence 1 - Purdue 3
TOP OF THE 6TH
Providence Friars batting - Pitching for Purdue Boilermakers : RHP Todd Jackson
Batting: LHB Javier Morales 0-0: Fly out, F7 (Flyball, 7S)
Batting: RHB Miguel Sánchez 0-0: Called Strike
0-1: Called Strike
0-2: Strikes out swinging
Batting: RHB Gonzalo García 0-0: Foul Ball, location: 2F
0-1: Fly out, F9 (Line Drive, 9)
Top of the 6th over - 0 run(s), 0 hit(s), 0 error(s), 0 left on base; Providence 1 - Purdue 3
BOTTOM OF THE 6TH
Purdue Boilermakers batting - Pitching for Providence Friars : RHP Kevin Richardson
Batting: RHB Rafael Castro 0-0: Foul Ball, location: 2F
0-1: Ball
1-1: Ball
2-1: Ball
3-1: Called Strike
3-2: Base on Balls
Batting: LHB Harry Hamilton 0-0: Called Strike
0-1: Fielders Choice at 2nd, 4-6 (Groundball, 4)
Batting: RHB Bill Gilmore 0-0: Ball
1-0: Grounds into double play, 6-4-3 (Groundball, 6)
Bottom of the 6th over - 0 run(s), 0 hit(s), 0 error(s), 0 left on base; Providence 1 - Purdue 3
TOP OF THE 7TH
Providence Friars batting - Pitching for Purdue Boilermakers : RHP Todd Jackson
Batting: RHB Héctor Cruz 0-0: Ball
1-0: Called Strike
1-1: Ball
2-1: Foul Ball, location: 2F
2-2: Ball
3-2: Base on Balls
Pitching: LHP Christian Rousseau
Batting: RHB Marcus Pittman 0-0: Ball
1-0: Sac Bunt - play at first, batter OUT! 1-4
Héctor Cruz to second
Batting: RHB Gustavo Todd 0-0: Ball
1-0: Foul Ball, location: 2F
1-1: Called Strike
1-2: DOUBLE (Line Drive, 8LD)
Héctor Cruz scores
Pinch Hitting: RHB Daniel Riddle 0-0: Ball
1-0: Foul Ball, location: 2F
1-1: Ball
2-1: Called Strike
2-2: Ball
3-2: Base on Balls
Batting: LHB Brian Easdale 0-0: Swinging Strike
0-1: Fly out, F9 (Flyball, 9)
Batting: SHB Esteban Aliaga 0-0: Called Strike
0-1: Ball
1-1: Called Strike
1-2: Ball
2-2: Ball
3-2: SINGLE (Line Drive, 3D)
Gustavo Todd to third
Daniel Riddle to second
Gustavo Todd scores
Daniel Riddle to third
Batting: LHB Javier Morales 0-0: Ball
1-0: Foul Ball, location: 2F
1-1: Ball
2-1: Fly out, F9 (Line Drive, 9)
Top of the 7th over - 2 run(s), 2 hit(s), 0 error(s), 2 left on base; Providence 3 - Purdue 3
BOTTOM OF THE 7TH
Purdue Boilermakers batting - Pitching for Providence Friars : RHP Kevin Richardson
Now at 1B: Dexter Wooten
Batting: RHB Javier Moreno 0-0: Ball
1-0: Ball
2-0: Fly out, F7 (Flyball, 7LM)
Batting: RHB Joe Meads 0-0: Ball
1-0: Ball
2-0: Ball
3-0: Base on Balls
Pinch Hitting: SHB Carl Carver 0-0: Ball
1-0: Swinging Strike
1-1: Ball
2-1: Foul Ball, location: 2F
2-2: Ball
3-2: Strikes out swinging
Batting: LHB Joe Kent Pickoff Throw to First - Error! E1
Joe Meads to second
0-0: Foul Ball, location: 2F
0-1: Ground out U3 (Groundball, 3)
Bottom of the 7th over - 0 run(s), 0 hit(s), 1 error(s), 1 left on base; Providence 3 - Purdue 3
TOP OF THE 8TH
Providence Friars batting - Pitching for Purdue Boilermakers : LHP Christian Rousseau
Now at SS: Mark Jackson
Batting: RHB Miguel Sánchez 0-0: Called Strike
0-1: Ball
1-1: Swinging Strike
1-2: Ball
2-2: Strikes out swinging
Batting: RHB Gonzalo García 0-0: Ball
1-0: Ground out 6-3 (Groundball, 6)
Batting: RHB Héctor Cruz 0-0: Ball
1-0: Called Strike
1-1: Ball
2-1: Ball
3-1: Fly out, F7 (Flyball, 7)
Top of the 8th over - 0 run(s), 0 hit(s), 0 error(s), 0 left on base; Providence 3 - Purdue 3
BOTTOM OF THE 8TH
Purdue Boilermakers batting - Pitching for Providence Friars : RHP Kevin Richardson
Batting: RHB Jorge Molina 0-0: Foul Ball, location: 2F
0-1: Ball
1-1: Ball
2-1: Swinging Strike
2-2: SOLO HOME RUN (Flyball, 78XD), Distance : 421 ft
Batting: SHB Bryan Atkins 0-0: Called Strike
0-1: Foul Ball, location: 2F
0-2: Ball
1-2: Strikes out swinging
Batting: RHB Rafael Castro 0-0: Swinging Strike
0-1: Foul Ball, location: 2F
0-2: Foul Ball, location: 2F
0-2: Ball
1-2: Strikes out swinging
Batting: LHB Harry Hamilton 0-0: Fly out, F5 (Popup, 56)
Bottom of the 8th over - 1 run(s), 1 hit(s), 0 error(s), 0 left on base; Providence 3 - Purdue 4
TOP OF THE 9TH
Providence Friars batting - Pitching for Purdue Boilermakers : LHP Christian Rousseau
Pitching: RHP David James
Batting: RHB Marcus Pittman 0-0: Ball
1-0: Ball
2-0: Ball
3-0: Called Strike
3-1: Ground out 5-3 (Groundball, 56)
Pinch Hitting: RHB Nick Louviere 0-0: Called Strike
0-1: Ball
1-1: Foul Ball, location: 2F
1-2: Ground out 6-3 (Groundball, 6)
Pinch Hitting: RHB Nolan Houston 0-0: Ball
1-0: Swinging Strike
1-1: Called Strike
1-2: Foul Ball, location: 2F
1-2: Foul Ball, location: 2F
1-2: Foul Ball, location: 2F
1-2: Ball
2-2: Foul Ball, location: 2F
2-2: Ball
3-2: Base on Balls
Batting: LHB Brian Easdale 0-0: Swinging Strike
0-1: SINGLE (Groundball, 56D)
Nolan Houston to second
Throwing error, E7
Nolan Houston scores
Brian Easdale to second
Batting: SHB Esteban Aliaga 0-0: Ball
1-0: Called Strike
1-1: Ground out U3 (Groundball, 3)
Top of the 9th over - 1 run(s), 1 hit(s), 1 error(s), 1 left on base; Providence 4 - Purdue 4
BOTTOM OF THE 9TH
Purdue Boilermakers batting - Pitching for Providence Friars : RHP Kevin Richardson
Pitching: RHP Joe Canó
Now at 2B: Nick Louviere
Now at 3B: Nolan Houston
Batting: RHB Bill Gilmore 0-0: Foul Ball, location: 2F
0-1: Fly out, F8 (Line Drive, 89M)
Pinch Hitting: RHB Brian McCoy 0-0: SINGLE (Groundball, 56D)
Batting: RHB Joe Meads 0-0: Foul Ball, location: 2F
0-1: Called Strike
0-2: Ball
1-2: SINGLE (Flyball, 78S)
Brian McCoy to second
Batting: RHB Mark Jackson 0-0: Ball
1-0: Called Strike
1-1: Swinging Strike
1-2: Foul Ball, location: 2F
1-2: Foul Ball, location: 2F
1-2: Foul Ball, location: 2F
1-2: Ground out 4-3 (Groundball, 34D)
Brian McCoy to third
Joe Meads to second
Batting: LHB Joe Kent 0-0: Ball
1-0: SINGLE (Flyball, 8RS)
Brian McCoy scores
Tuesday, August 8th, 2017 - OOTP Baseball 17.12 Build 75